 Dungeon Crawl Stone Soup version 0.19.0 (webtiles) character file.

7648 PrincessPwny the Impaler (level 10, -18/78 HPs)
             Began as a Minotaur Berserker on Nov 12, 2016.
             Was a High Priest of Trog.
             Demolished by an orc knight
             ... wielding a +0 battleaxe
              (22 damage)
             ... on level 11 of the Dungeon.
             The game lasted 00:27:02 (9450 turns).

PrincessPwny the Impaler (Minotaur Berserker)       Turns: 9450, Time: 00:27:03

Health: -18/78     AC:  7    Str: 25    XL:     10   Next: 99%
Magic:  9/9        EV: 13    Int:  4    God:    Trog [*****.]
Gold:   508        SH: 14    Dex: 12    Spells: 0 memorised, 9 levels left

rFire  . . .     SeeInvis .     f - +2 trident (freeze)
rCold  . . .     Gourm    .     r - +0 scale mail
rNeg   . . .     Faith    .     o - +1 shield
rPois  .         Spirit   .     (helmet restricted)
rElec  .         Reflect  .     p - +0 cloak
rCorr  .         Harm     +     (no gloves)
MR     .....                    (no boots)
Stlth  ..........               z - amulet of harm
                                H - +3 ring of evasion
                                j - +2 ring of strength

@: exhausted, slowed, very slow
A: retaliatory headbutt, horns 2
a: Berserk, Trog's Hand, Brothers in Arms, Burn Spellbooks, Renounce Religion


You were on level 11 of the Dungeon.
You worshipped Trog.
Trog was extremely pleased with you.
You were very hungry.

You visited 1 branch of the dungeon, and saw 11 of its levels.

You collected 536 gold pieces.
You spent 28 gold pieces at shops.

Inventory:

Hand Weapons
 f - a +2 trident of freezing (weapon)
Armour
 e - a +1 cloak
 g - a +0 leather armour
 o - a +1 shield (worn)
 p - a +0 cloak (worn)
 r - a +0 scale mail (worn)
Jewellery
 j - a +2 ring of strength (left hand)
 x - an uncursed ring of resist corrosion
 z - an amulet of harm (around neck)
 G - an uncursed ring of poison resistance
 H - a +3 ring of evasion (right hand)
Wands
 h - a wand of slowing (48/48)
 M - a wand of iceblast (6/15)
Scrolls
 a - 2 scrolls of teleportation
 k - a scroll of identify {@r1}
 n - 3 scrolls of remove curse {@r2}
 v - a scroll of blinking
 y - 2 scrolls of recharging
 C - 3 scrolls of random uselessness
 F - 2 scrolls of enchant armour
 O - a scroll of vulnerability {unknown}
Potions
 b - 4 potions of curing {@q1}
 d - 4 potions of heal wounds
 i - 4 potions of haste {unknown}
 l - 2 potions of lignification
 t - a potion of cure mutation
 w - a potion of agility {unknown}
 A - a potion of berserk rage
 B - 2 potions of might
 D - a potion of flight {unknown}
 E - a potion of mutation {unknown}
 I - a potion of degeneration
 J - a potion of resistance {unknown}
 K - a potion of brilliance {unknown}
 N - a potion of magic {unknown}
Books
 L - a book of Flames

   Spells                             Type                      Level
   a - Flame Tongue                   Conjuration/Fire             1
   b - Throw Flame                    Conjuration/Fire             2
   c - Conjure Flame                  Conjuration/Fire             3
   d - Inner Flame                    Hexes/Fire                   3
   e - Sticky Flame                   Conjuration/Fire             4
   f - Fireball                       Conjuration/Fire             5
   Trog disapproves of the use of such an item.
Comestibles
 c - 10 bread rations
 m - 2 slices of pizza
 q - 5 meat rations
 s - 2 fruits
 u - 7 beef jerkies
 P - 3 chunks of flesh


   Skills:
 + Level 4.1 Fighting
 - Level 15.6 Polearms
 + Level 2.9 Armour
 + Level 2.9 Dodging
 * Level 11.3 Shields


You had 9 spell levels left.
You didn't know any spells.

Dungeon Overview and Level Annotations

Branches:
Dungeon (11/15)            Temple (0/1) D:7            Lair (0/6) D:8
    Orc (0/2) D:10

Altars:
Makhleb
Beogh

Shops:
D:8 (?!


Innate Abilities, Weirdness & Mutations

You reflexively headbutt those who attack you in melee.
You have a pair of horns on your head.


Message History

The orc knight jeers loudly.
There is a stone staircase leading down here.
The orc knight hits you with a battleaxe!!
* * * LOW HITPOINT WARNING * * *
You climb downwards.
Found 14 gold pieces.
There is a stone staircase leading up here.
You're too exhausted to go berserk.
You hit the orc knight. You freeze the orc knight.
The orc knight is lightly wounded.
You block the orc knight's attack.
You hit the orc knight. You freeze the orc knight.
The orc knight is lightly wounded.
You block the orc knight's attack.
You puncture the orc knight! You freeze the orc knight.
The orc knight is heavily wounded.
You barely miss the orc knight.
The orc knight is heavily wounded.
The orc knight hits you with a battleaxe!!
You die...

. .. ...
....
.....#######
#.........#
#.....@...#
#......o..#
#.$.#######
#.. ##


You could see an orc knight.

Vanquished Creatures
  Erica (D:8)
  A hill giant (D:10)
  Pikel (D:7)
  An ugly thing (D:10)
  2 two-headed ogres (D:8)
  A hornet (D:9)
  A hippogriff (D:10)
  Sigmund (D:5)
  A wraith (D:9)
  A wyvern (D:9)
  A water moccasin (D:8)
  2 ice beasts (D:8)
  5 orc warriors
  A black bear (D:7)
  3 phantoms
  3 slaves (D:7)
  An eye of draining (D:8)
  2 sky beasts
  7 ogres
  4 centaurs
  4 bullfrogs
  A wyvern zombie (D:7)
  2 scorpions (D:7)
  6 crimson imps
  A jelly (D:5)
  Crazy Yiuf (D:5)
  A centaur zombie (D:6)
  A bullfrog skeleton (D:6)
  15 hounds
  4 orc wizards
  7 orc priests
  3 centaur skeletons
  5 iguanas
  9 worker ants
  A killer bee zombie (D:7)
  A hound skeleton (D:6)
  A hound zombie (D:8)
  A worker ant zombie (D:7)
  10 adders
  3 shadow imps
  An ooze (D:2)
  An adder zombie (D:6)
  3 worms (D:2)
  2 dart slugs (D:2)
  5 leopard geckos
  35 orcs
  9 bats
  4 giant cockroaches
  8 goblins
  5 hobgoblins
  9 jackals
  3 quokkas
  A ball python (D:2)
  4 frilled lizards
  7 kobolds
  A leopard gecko skeleton (D:7)
  A quokka skeleton (D:6)
  3 rats
219 creatures vanquished.

Notes
Turn   | Place    | Note
-------+----------+-------------------------------------------
     0 | D:1      | PrincessPwny the Minotaur Berserker began the quest for the Orb.
     0 | D:1      | Reached XP level 1. HP: 19/19 MP: 0/0
   103 | D:1      | Reached skill level 4 in Polearms
   189 | D:1      | Reached XP level 2. HP: 26/26 MP: 1/1
   600 | D:2      | Reached skill level 5 in Polearms
   600 | D:2      | Reached XP level 3. HP: 31/31 MP: 2/2
   797 | D:2      | Reached ** piety under Trog
  1039 | D:2      | Reached skill level 1 in Shields
  1135 | D:2      | Reached XP level 4. HP: 39/39 MP: 3/3
  1393 | D:3      | Reached skill level 6 in Polearms
  1394 | D:3      | Found a burning altar of Makhleb.
  2197 | D:3      | Reached XP level 5. HP: 32/45 MP: 4/4
  2516 | D:4      | Noticed an ogre
  2523 | D:4      | Killed an ogre
  2523 | D:4      | Reached skill level 7 in Polearms
  2523 | D:4      | Reached XP level 6. HP: 51/51 MP: 5/5
  3027 | D:4      | Reached *** piety under Trog
  3198 | D:5      | Entered Level 5 of the Dungeon
  3207 | D:5      | Reached skill level 8 in Polearms
  3294 | D:5      | Found a runed door.
  3298 | D:5      | Noticed Crazy Yiuf
  3303 | D:5      | Killed Crazy Yiuf
  3303 | D:5      | Reached XP level 7. HP: 45/57 MP: 6/6
  3589 | D:5      | Reached skill level 9 in Polearms
  3709 | D:5      | Reached skill level 5 in Shields
  3975 | D:5      | Noticed Sigmund
  3982 | D:5      | Killed Sigmund
  4144 | D:6      | Reached skill level 10 in Polearms
  4148 | D:6      | Reached XP level 8. HP: 30/64 MP: 7/7
  4941 | D:6      | You fall through a shaft for 2 floors!
  5043 | D:8      | Reached skill level 11 in Polearms
  5126 | D:8      | Reached **** piety under Trog
  5303 | D:8      | Found a staircase to the Lair.
  5389 | D:8      | Found Lostryof's Magic Scroll Shop.
  5397 | D:8      | Bought a scroll of identify for 28 gold pieces
  5825 | D:7      | Reached XP level 9. HP: 70/70 MP: 8/8
  5865 | D:7      | Reached skill level 12 in Polearms
  6695 | D:7      | Found a staircase to the Ecumenical Temple.
  6934 | D:7      | Noticed Pikel
  6948 | D:7      | Killed Pikel
  6948 | D:7      | Reached skill level 13 in Polearms
  7339 | D:8      | Found Laicibats's Antique Weapon Shop.
  7451 | D:8      | Found Rabae's Distillery.
  7574 | D:8      | Reached ***** piety under Trog
  7574 | D:8      | Reached skill level 14 in Polearms
  7693 | D:8      | Noticed Erica
  7696 | D:8      | Killed Erica
  7696 | D:8      | Reached XP level 10. HP: 77/77 MP: 9/9
  7700 | D:8      | Reached skill level 10 in Shields
  8416 | D:9      | Reached skill level 15 in Polearms
  8718 | D:9      | Paralysed by a hornet for 3 turns
  8995 | D:10     | Entered Level 10 of the Dungeon
  9042 | D:10     | Noticed a red ugly thing
  9056 | D:10     | Killed a red ugly thing
  9267 | D:10     | Noticed a hill giant
  9272 | D:10     | Killed a hill giant
  9400 | D:10     | Found a roughly hewn altar of Beogh.
  9400 | D:10     | Found a staircase to the Orcish Mines.
  9405 | D:10     | Noticed an orc knight
  9406 | D:10     | Noticed an orc knight
  9407 | D:10     | Received a gift from Trog
  9445 | D:10     | HP: 2/78 [orc knight/battleaxe (32)]
  9450 | D:11     | Demolished by an orc knight

Skill      XL: |  1  2  3  4  5  6  7  8  9 10 |
---------------+-------------------------------+-----
Polearms       | 4 5 6 7 8 10 11 14 15 | 15.6
Shields        | 1 2 3 4 5 7 9 11 | 11.3
Fighting       | 4 |  4.1
Armour         | |  2.9
Dodging        | |  2.9

Action                   |  1- 3 |  4- 6 |  7- 9 | 10-12 || total
-------------------------+-------+-------+-------+-------++-------
Melee: Spear             |   100 |    46 |       |       ||   146
       Headbutt          |    15 |     9 |    48 |    12 ||    84
       Trident           |       |    43 |   257 |   114 ||   414
Invok: Berserk           |       |     1 |     6 |     4 ||    11
       Burn Spellbooks   |       |       |       |     1 ||     1
  Use: Scroll            |     2 |    10 |     4 |     3 ||    19
  Eat: Chunk             |     1 |     7 |    17 |     8 ||    33
       Royal jelly       |       |       |     1 |       ||     1
Armor: Animal skin       |     1 |       |       |       ||     1
       Scale mail        |    25 |    18 |    29 |     7 ||    79
Dodge: Dodged            |    32 |    20 |    41 |    19 ||   112
Block: Shield            |     4 |    27 |    73 |    28 ||   132
